 Dungeon Crawl Stone Soup version 0.19-a0-1007-g133f65f (webtiles) character file.

14361 Implojin the Fighter (level 11, -13/124 HPs)
             Began as a Troll Fighter on July 19, 2016.
             Was a High Priest of Qazlal.
             Mangled by a human simulacrum (27 damage)
             ... on level 14 of the Dungeon.
             The game lasted 00:19:45 (2439 turns).

Implojin the Fighter (Troll Fighter)                Turns: 2439, Time: 00:19:46

Health: -13/124    AC: 10    Str: 26    XL:     11   Next: 87%
Magic:  10/10      EV:  8    Int:  4    God:    Qazlal [*****.]
Gold:   217        SH: 15    Dex: 12    Spells: 0 memorised, 10 levels left

rFire  . . .     SeeInvis .       - Unarmed
rCold  . . .     Gourm    +     a - +0 robe
rNeg   . . .     Faith    .     b - +0 shield
rPois  .         Spirit   .     y - +0 hat
rElec  .         Dismiss  .     o - +1 cloak {MR+}
rCorr  .         Reflect  .     (gloves unavailable)
SustAt .         Harm     .     (boots unavailable)
MR     +....                    (no amulet)
Stlth  +.........               (no ring)
                                C - ring of wizardry

@: protected from physical damage, very slightly contaminated, hasted, repel
missiles, very quick, somewhat resistant to hostile enchantments, very
unstealthy
A: unfitting armour, claws 3, fast metabolism 3, gourmand, regeneration 2,
shaggy fur 1, tough skin 2
a: Upheaval, Elemental Force, Disaster Area, Renounce Religion


You were on level 14 of the Dungeon.
You worshipped Qazlal.
Qazlal was extremely pleased with you.
You were not hungry.

You visited 1 branch of the dungeon, and saw 14 of its levels.
You also visited: Ossuary.

You collected 217 gold pieces.

Inventory:

Hand Weapons
 f - a +0 flail
 h - a +0 blowgun
 u - a +4 scimitar of flaming
 A - a +2 dagger of distortion
 I - a +1 morningstar
Missiles
 i - 27 poisoned needles
 F - 4 steel tomahawks (quivered)
 H - 4 tomahawks of returning
Armour
 a - a +0 robe (worn)
 b - a +0 shield (worn)
 o - a +1 cloak of magic resistance (worn)
 y - a +0 hat (worn)
Jewellery
 C - a ring of wizardry (left claw)
Wands
 q - a wand of slowing (24/48)
Scrolls
 c - a scroll of amnesia {unknown}
 j - a scroll of random uselessness
 k - a scroll of remove curse
 l - 3 scrolls of immolation
 p - a scroll of magic mapping {unknown}
 E - a scroll of fear {unknown}
 G - a scroll of fog
Potions
 e - 2 potions of ambrosia
 m - a potion of brilliance
 s - 2 potions of curing
 t - 2 potions of flight
 z - a potion of resistance
 B - a potion of magic {unknown}
Comestibles
 d - 6 bread rations
 g - a royal jelly
 n - 2 meat rations
 D - a beef jerky


   Skills:
 * Level 12.7 Fighting
 - Level 2.4 Dodging
 - Level 2.4 Shields
 - Level 12.0 Unarmed Combat


You had 10 spell levels left.
You didn't know any spells.

Dungeon Overview and Level Annotations

Branches:
Dungeon (14/15)              Lair (0/6) D:9             Orc (0/2) D:10
 Temple: D:4-7       Vaults: D:13-14

Altars:
Qazlal

Shops:
D:5 ==[[

Annotations:
D:9 Erolcha


Innate Abilities, Weirdness & Mutations

You are too large for most types of armour.
You have claws for hands.
Your metabolism is lightning-fast.
You like to eat raw meat.
You heal very quickly.
You are covered in fur. (AC +1)
You have very tough skin. (AC +2)


Message History

* * * LOW HITPOINT WARNING * * *
The human simulacrum freezes you!
* * * LOW HITPOINT WARNING * * *
The human is engulfed in freezing vapours.
Unknown command.
The human simulacrum is engulfed in roaring flames.
You feel better.
The human is engulfed in freezing vapours.
The necromancer mumbles some strange words.
The necromancer binds the souls of nearby monsters.
A human comes into view.
You closely miss the human.
The human is severely wounded.
The human's soul is no longer bound.
The human simulacrum is engulfed in roaring flames.
The human simulacrum vapourises!
Unknown command.
You claw the human!
The human is almost dead.
The human hits you but does no damage.
You scratch the human.
The human is almost dead.
The troll changes into a salamander!
The necromancer mumbles some strange words.
The necromancer binds the souls of nearby monsters.
You block the human simulacrum's attack.
A human comes into view.
Unknown command.
You mangle the human!!
You kill the human!
Qazlal accepts your kill.
You hear a shout!
Unknown command.
Unknown command.
You closely miss the vault guard.
The vault guard is almost dead.
The human simulacrum hits you.
* * * LOW HITPOINT WARNING * * *
The human simulacrum freezes you!!
You die...

....$...# #..#
........# #..#
........# #..#
...)....# #[(#
..# .......#
#)(# ..#
.......####..#
#..#
#...N.§§§###..#
#()pp†Z§§§....#
#ppp§pp@......#
#.######......#
#.# #.§....#
#p# #......# .
#p#
#......##...
p.#
#............


pp. #..÷......... #......##.... #......# ... You could see a vault guard, a
salamander shaped shifter, a necromancer, 5 humans and a human simulacrum.

Vanquished Creatures
  2 vault guards (D:14)
  A hydra (D:12)
  Erica (D:8)
  2 centaur warriors
  The ghost of rageheart7 the Nimble, a novice OpBe of Trog (D:9)
  Pikel (D:5)
  A necromancer (D:14)
  Psyche (D:9)
  Joseph (D:8)
  A centaur skeleton (D:12)
  A gargoyle (D:12)
  A troll (D:7)
  A two-headed ogre (D:10)
  A wraith (Ossuary)
  A shadow (D:12)
  A yak (D:9)
  A wyvern (D:10)
  A hill giant zombie (D:10)
  10 humans (D:14)
  2 hungry ghosts (D:10)
  A water moccasin (D:8)
  6 orc warriors
  2 ice beasts
  4 sky beasts
  A phantom (D:9)
  3 wasps
  4 ogres
  6 centaurs
  A crocodile (D:9)
  5 giant frogs
  A big kobold (D:9)
  2 scorpions
  A troll zombie (D:10)
  9 killer bees
  3 wights (D:12)
  5 howler monkeys
  4 crimson imps
  A jelly (D:8)
  2 centaur zombies
  A giant frog skeleton (D:12)
  4 orc priests
  Crazy Yiuf (D:5)
  3 hounds
  3 iguanas
  2 orc wizards
  6 ogre zombies (D:10)
  A mummy (Ossuary)
  A hound zombie (D:10)
  A howler monkey skeleton (D:11)
  3 adders
  A river rat (D:9)
  5 shadow imps
  An ooze (D:7)
  4 dart slugs (D:1)
  3 giant geckos
  16 orcs
  5 bats
  4 giant cockroaches
  3 goblins
  4 hobgoblins
  4 jackals
  8 kobolds
  2 quokkas
  3 giant newts
  9 gnoll skeletons (Ossuary)
  3 goblin skeletons (D:10)
  A goblin zombie (D:10)
  A hobgoblin skeleton (D:10)
  3 hobgoblin zombies (D:10)
  5 kobold skeletons (Ossuary)
  9 orc skeletons
  15 orc zombies (D:10)
  12 rats
  A fungus (D:9)
241 creatures vanquished.

Vanquished Creatures (others)
  2 orc wizards (D:5)
2 creatures vanquished.

Grand Total: 243 creatures vanquished

Notes
Turn   | Place    | Note
-------+----------+-------------------------------------------
     0 | D:1      | Implojin the Troll Fighter began the quest for the Orb.
     0 | D:1      | Reached XP level 1. HP: 22/22 MP: 0/0
    84 | D:1      | Reached XP level 2. HP: 27/29 MP: 1/1
   119 | D:1      | Reached skill level 3 in Unarmed Combat
   180 | D:2      | Reached XP level 3. HP: 36/36 MP: 2/2
   211 | D:2      | Found a stormy altar of Qazlal.
   216 | D:2      | Became a worshipper of Qazlal Stormbringer
   338 | D:4      | Reached skill level 4 in Unarmed Combat
   338 | D:4      | Reached XP level 4. HP: 23/44 MP: 3/3
   382 | D:5      | Entered Level 5 of the Dungeon
   382 | D:5      | Noticed a centaur
   386 | D:5      | Killed a centaur
   386 | D:5      | Reached skill level 5 in Unarmed Combat
   386 | D:5      | Reached XP level 5. HP: 48/50 MP: 4/4
   387 | D:5      | Noticed a sky beast
   402 | D:5      | Killed a sky beast
   402 | D:5      | Reached skill level 6 in Unarmed Combat
   402 | D:5      | Reached XP level 6. HP: 46/59 MP: 5/5
   481 | D:5      | Found Gozunan's Armour Boutique.
   491 | D:5      | Found Qoanank's Antique Armour Shoppe.
   500 | D:5      | Noticed a slave
   500 | D:5      | Noticed a slave
   502 | D:5      | Noticed Pikel
   503 | D:5      | Noticed a slave
   503 | D:5      | Noticed a slave
   524 | D:5      | Killed Pikel
   524 | D:5      | Reached skill level 8 in Unarmed Combat
   524 | D:5      | Reached XP level 7. HP: 42/66 MP: 6/6
   593 | D:5      | Found a runed door.
   597 | D:5      | Noticed Crazy Yiuf
   601 | D:5      | Killed Crazy Yiuf
   683 | D:6      | Reached skill level 9 in Unarmed Combat
   736 | D:5      | Reached * piety under Qazlal
   737 | D:5      | Found Mepnel's Jewellery Emporium.
   753 | D:5      | Reached XP level 8. HP: 43/74 MP: 7/7
   772 | D:5      | Found Ixuonnei's Jewellery Boutique.
   870 | D:6      | Reached skill level 10 in Unarmed Combat
   885 | D:6      | Found a sand-covered staircase.
   895 | Ossuary  | Entered an ossuary
  1051 | D:7      | Noticed a troll
  1058 | D:7      | Killed a troll
  1058 | D:7      | Reached skill level 11 in Unarmed Combat
  1118 | D:7      | Reached ** piety under Qazlal
  1164 | D:7      | Reached XP level 9. HP: 43/80 MP: 8/8
  1253 | D:8      | Reached skill level 12 in Unarmed Combat
  1278 | D:7      | Reached skill level 3 in Fighting
  1307 | D:8      | Noticed Erica
  1316 | D:8      | Killed Erica
  1316 | D:8      | Reached skill level 5 in Fighting
  1372 | D:8      | Noticed Joseph
  1378 | D:8      | Killed Joseph
  1378 | D:8      | Reached skill level 6 in Fighting
  1445 | D:8      | Reached skill level 7 in Fighting
  1470 | D:8      | Reached XP level 10. HP: 71/102 MP: 9/9
  1607 | D:9      | Reached *** piety under Qazlal
  1635 | D:10     | Entered Level 10 of the Dungeon
  1703 | D:9      | Reached skill level 8 in Fighting
  1706 | D:9      | Noticed rageheart7's ghost (novice OpBe)
  1727 | D:9      | Killed rageheart7's ghost
  1737 | D:9      | Found a staircase to the Lair.
  1762 | D:9      | Noticed Psyche
  1767 | D:9      | Killed Psyche
  1767 | D:9      | Reached skill level 9 in Fighting
  1770 | D:9      | Noticed Erolcha
  1886 | D:10     | Reached **** piety under Qazlal
  1896 | D:10     | Reached skill level 10 in Fighting
  1966 | D:10     | Found a staircase to the Orcish Mines.
  2069 | D:12     | Noticed a four-headed hydra
  2078 | D:12     | Killed a one-headed hydra
  2078 | D:12     | Reached XP level 11. HP: 51/119 MP: 10/10
  2192 | D:12     | Reached ***** piety under Qazlal
  2210 | D:13     | Reached skill level 11 in Fighting
  2233 | D:13     | Noticed a centaur warrior
  2243 | D:13     | Killed a centaur warrior
  2260 | D:14     | Noticed a lindwurm
  2337 | D:14     | Noticed a centaur warrior
  2345 | D:14     | Killed a centaur warrior
  2389 | D:14     | Noticed a necromancer
  2392 | D:14     | Noticed a vault guard
  2396 | D:14     | Noticed a vault guard
  2399 | D:14     | Killed a necromancer
  2399 | D:14     | Reached skill level 12 in Fighting
  2406 | D:14     | Noticed a necromancer
  2406 | D:14     | Noticed a vault guard
  2410 | D:14     | Killed a vault guard
  2421 | D:14     | Killed a vault guard
  2431 | D:14     | HP: 2/124 [human simulacrum (8)]
  2439 | D:14     | Mangled by a human simulacrum

Vault maps used:
D:1:      onia_arrival_mini_spirals
D:2:      grunt_qazlal_clouds
D:3:      uniq_robin
D:4:      st_stairs_6
D:5:      first_bread, serial_shops, nicolae_shop_window_shopping, shop,
          kennysheep_mini_moat, nicolae_shop_trees, nicolae_shop_behind_doors,
          roderic_serpentine_path, water_boxes_lemuel, uniq_crazy_yiuf_cottage,
          uniq_pikel
D:6:      black_bear_nest_2, nicolae_ossuary_entry_ruins, serial_shops, shop
D:7:      lemuel_coloured_pillars_altar,
          grunt_temple_overflow_champion_of_chaos, kennysheep_generic_room_4
D:8:      uniq_grum, uniq_joseph, uniq_erica
D:9:      tgw_fedhas, minitemple, gammafunk_temple_overflow_wave,
          grunt_lair_entry_orc_guard_hut, uniq_psyche, uniq_erolcha
D:10:     zombieorc2_lemuel, grunt_pizzeria
D:11:     serial_shops, shop_fountains, eino_tiny_chamber
D:12:     lab_entry_generic, grunt_tough_drop
D:14:     grunt_vaults_entry_tiered, hangedman_abyss_or_decor_stabs
Ossuary:  ossuary_due_mausoleum

Skill      XL: |  1  2  3  4  5  6  7  8  9 10 11 |
---------------+----------------------------------+-----
Unarmed Combat | 3 4 5 6 8 9 11 12 | 12.0
Fighting       | 7 10 12 | 12.7
Dodging        | |  2.4
Shields        | |  2.4

Action                   |  1- 3 |  4- 6 |  7- 9 | 10-12 || total
-------------------------+-------+-------+-------+-------++-------
Melee: Unarmed           |    72 |    29 |   229 |   376 ||   706
       Scimitar          |       |       |       |     6 ||     6
Throw: Tomahawk          |       |       |       |     2 ||     2
  Use: Scroll            |       |       |     6 |    11 ||    17
       Potion            |       |       |     8 |     3 ||    11
  Eat: Chunk             |     6 |     2 |     7 |    10 ||    25
Armor: Robe              |    51 |    10 |    76 |    85 ||   222
Dodge: Dodged            |    41 |     8 |    58 |    79 ||   186
       Deflected         |       |       |       |     1 ||     1
Block: Shield            |    47 |    12 |   138 |   264 ||   461

Table legend:
 A = Turns spent in this place as a percentage of turns spent in the entire game.
 B = Non-inter-level travel turns spent in this place as a percentage of non-inter-level travel turns spent in the entire game.
 C = Inter-level travel turns spent in this place as a percentage of turns spent in this place.
 D = Turns resting spent in this place as a percentage of non-inter-level travel turns spent in this place.
 E = Turns spent auto-exploring this place as a percentage of non-inter-level travel turns spent in this place.
 F = Non-inter-level travel turns spent in this place divided by the number of levels of this place that you've seen.
                   A       B       C       D       E      F
               +-------+-------+-------+-------+-------+----------------------
         Total | 100.0 | 100.0 |   0.0 |   0.2 |   0.0 | 172.9
       Dungeon |  94.9 |  94.9 |   0.0 |   0.2 |   0.0 | 175.7
       Ossuary |   5.1 |   5.1 |   0.0 |   0.0 |   0.0 | 133.0
               +-------+-------+-------+-------+-------+----------------------

Table legend:
 A = Kills in this place as a percentage of kills in entire the game.
 B = Kills by you in this place as a percentage of kills by you in the entire game.
 C = Kills by friends in this place as a percentage of kills by friends in the entire game.
 D = Other kills in this place as a percentage of other kills in the entire game.
 E = Experience gained in this place as a percentage of experience gained in the entire game.
 F = Experience gained in this place divided by the number of levels of this place that you have seen.
                   A       B       C       D       E      F
               +-------+-------+-------+-------+-------+----------------------
         Total | 100.0 | 100.0 |  -nan |  -nan | 100.0 | 1367.7
       Dungeon |  90.4 |  90.4 |  -nan |  -nan |  98.7 | 1446.9
       Ossuary |   9.6 |   9.6 |  -nan |  -nan |   1.3 | 259.0
               +-------+-------+-------+-------+-------+----------------------
